 Dungeon Sprint DCSS version 0.18-a0-1243-g9e52518 (webtiles) character file.

69325267 Kidiri the Minotaur Barricade (level 23, 240/240 HPs)
             Began as a Minotaur Fighter on Feb 5, 2016.
             Was the Champion of the Shining One.
             Escaped with the Orb
             ... and 17 runes on Feb 7, 2016!
             The game lasted 03:00:02 (26524 turns).

Kidiri the Minotaur Barricade (Minotaur Fighter)   Turns: 26524, Time: 03:00:02

Health: 240/240    AC: 39    Str: 40    XL:     23   Next: 62%
Magic:  53/53      EV: 24    Int:  1    God:    the Shining One [******]
Gold:   1007       SH: 32    Dex: 13    Spells: 0 memorised, 76 levels left

rFire  + . .     SeeInvis +     z - +6 shillelagh "Devastator" {shatter}
rCold  + + .     Gourm    .     c - +3 plate armour {rF+}
rNeg   + + +     Faith    .     C - +2 large shield {reflect}
rPois  +         Spirit   .     U - +2 hat
rElec  .         Dismiss  +     Q - +2 cloak {MR+}
rCorr  .         Reflect  +     V - +2 pair of gloves {Str+3}
SustAt .         Harm     .     a - +2 pair of boots
MR     ++...     Rnd*Rage +     W - amulet of Greed {Dismiss rPois rN+ Stlth+}
Stlth  +......... NoTele   +    t - ring "Beastrod" {*Contam rN++ Str+3 SInv Stlth+}
                                A - +6 ring of strength

@: glowing, very resistant to hostile enchantments, very unstealthy
A: retaliatory headbutt, fangs 1, horns 2, talons 1, berserk 1, blink, blurry
vision 1, cold resistance 2, dopey 2, screaming 1, wild magic 1
a: Blink, Divine Shield, Cleansing Flame, Summon Divine Warrior, Brand Weapon
With Holy Wrath, Renounce Religion
0: Orb of Zot
}: 17/15 runes: decaying, serpentine, barnacled, slimy, elven, silver, golden,
iron, obsidian, icy, bone, abyssal, glowing, magical, fiery, dark, gossamer


You escaped.
You worshipped the Shining One.
The Shining One was exalted by your worship.
You were full.

You visited 1 branch You collected 1976 gold pieces.
You spent 969 gold pieces at shops.

Inventory:

Hand Weapons
 z - the +6 shillelagh "Devastator" (weapon) {shatter}
   (Okawaru gifted it to you in the Dungeon)
Missiles
 q - 4 tomahawks of returning
 r - 22 javelins
 s - 12 tomahawks
 J - 17 silver javelins
 L - 10 steel javelins (quivered)
 N - 34 javelins of returning
 Z - 2 javelins of penetration
Armour
 a - a +2 pair of boots (worn)
 c - a +3 plate armour of fire resistance (worn)
 C - a +2 large shield of reflection (worn)
 Q - a +2 cloak of magic resistance (worn)
 U - a +2 hat (worn)
 V - a +2 pair of gloves of strength (worn)
Jewellery
 t - the ring "Beastrod" (right hand) {*Contam rN++ Str+3 SInv Stlth+}
   (You found it in the Dungeon)

   [ring of strength]

   It affects your strength (+3).
   It greatly protects you from negative energy.
   It lets you see invisible.
   It causes magical contamination when unequipped.
   It makes you more stealthy.
 A - a +6 ring of strength (left hand)
 D - a +6 ring of strength
 K - the ring "Kuoshak" {rCorr rPois MR+ Dex+3}
   (You found it in the Dungeon)

   [ring of resist corrosion]

   It affects your dexterity (+3).
   It protects you from poison.
   It affects your resistance to hostile enchantments.
 M - the amulet "Daokik" {Gourm Fragile Dex+5}
   (You found it in the Dungeon)

   [amulet of the gourmand]

   It allows you to eat raw meat even when not hungry.
   It affects your dexterity (+5).
   It will be destroyed if unequipped.
 R - an uncursed ring of protection from fire
 T - an uncursed ring of protection from cold
 W - the amulet of Greed (around neck) {Dismiss rPois rN+ Stlth+}
   (You found it in the Dungeon)

   [amulet of dismissal]

   It may teleport away creatures that harm you.
   It protects you from poison.
   It protects you from negative energy.
   It makes you more stealthy.
Wands
 d - a wand of random effects (20/48)
 p - a wand of iceblast (7/15)
 B - a wand of hasting (4/9)
 P - a wand of teleportation (3/9)
Scrolls
 b - 2 scrolls of enchant weapon
 k - 3 scrolls of blinking
 n - 8 scrolls of remove curse
 o - 3 scrolls of amnesia
 x - a scroll of fear
 y - 8 scrolls of fog
 I - a scroll of identify
 Y - 3 scrolls of recharging
Potions
 e - 8 potions of curing
 g - 4 potions of heal wounds
 h - 4 potions of haste
 i - 5 potions of magic
 j - 2 potions of berserk rage
 l - 3 potions of agility
 m - a potion of invisibility
 u - 4 potions of brilliance
 v - 2 potions of cure mutation
 w - a potion of cancellation
 F - 3 potions of flight
 X - a potion of might
Comestibles
 f - 11 bread rations
 H - 4 meat rations


   Skills:
 O Level 27 Fighting
 O Level 27 Maces & Flails
 O Level 27 Throwing
 O Level 27 Armour
 O Level 27 Dodging
 O Level 27 Stealth
 O Level 27 Shields
 O Level 27 Unarmed Combat
 O Level 27 Spellcasting
 O Level 27 Invocations
 O Level 27 Evocations


You had 76 spell levels left.
You didn't know any spells.

Dungeon Overview and Level Annotations

Branches:
Dungeon (1/1)

Altars:
Cheibriados
Dithmenos
Elyvilon
Fedhas
Gozag
Kikubaaqudgha
Makhleb
Nemelex Xobeh
Okawaru
Pakellas
Qazlal
Ru
Sif Muna
Trog
Vehumet
Xom
Yredelemnul
Zin
The Shining One
Beogh
Jiyva
Lugonu

Shops:
D }(![


Innate Abilities, Weirdness & Mutations

You reflexively headbutt those who attack you in melee.
You have a pair of horns on your head.
You have very sharp teeth.
You have sharp toenails.
You tend to lose your temper in combat.
You can translocate small distances at will.
Scrolls take you a little longer to read.
Your flesh is very cold resistant.
You are very dopey. (Int -4)
You occasionally shout uncontrollably at your foes.
Your spells are a little harder to cast, but a little more powerful.


Message History

You kill the orange demon!
The Shining One accepts your kill.
There is a basalt altar of Yredelemnul here.
There is an ancient bone altar of Kikubaaqudgha here.
There is a glowing golden altar of the Shining One here.
Unknown command.
There is a glowing silver altar of Zin here.
Unknown command.
There is an open door to the Temple here.
You see here 22 poisoned javelins.
There is an open door here.
You see here a leather armour.
You see here a club.
There is an open door to the Dungeon here.
You see here a stone.
There is a staircase leading out of the dungeon here.
Eat which item? (? for menu, Esc to quit)
You continue eating. x2
You finish eating.
That meat ration really hit the spot!
You have escaped!

▓▓▓▓▓▓▓▓▓▓▓▓▓▓▓▓▓▓
▓@..('.)...[....('
▓▓▓▓▓▓▓▓▓▓▓▓▓▓▓▓▓▓
▓.................
▓.▓▓▓▓▓▓▓▓▓▓▓▓▓▓▓▓
▓.......'.....(...
▓▓▓▓▓▓▓▓▓▓▓▓▓▓▓▓▓▓
▓.................
▓.▓▓▓▓▓▓▓▓▓▓▓▓▓▓▓▓
▓.............'))[


There were no monsters in sight!

Vanquished Creatures
  Cerebov (D)
  Antaeus (D)
  Asmodeus (D)
  the Royal Jelly (D)
  Ereshkigal (D)
  Gloorx Vloq (D)
  Mnoleg (D)
  Lom Lobon (D)
  Dispater (D)
  3 orbs of fire (D)
  Mennas (D)
  9 pandemonium lords (D)
  9 ancient liches (D)
  8 greater mummies (D)
  Boris (D)
  Frederick (D)
  A Killer Klown (D)
  Geryon (D)
  Nikola (D)
  Xtahua (D)
  2 golden dragons (D)
  A bone dragon (D)
  A starcursed mass (D)
  2 electric golems (D)
  2 Brimstone Fiends (D)
  An Ice Fiend (D)
  5 tentacled monstrosities (D)
  2 deep elf blademasters (D)
  37 Orb Guardians (D)
  5 titans (D)
  19 acid blobs (D)
  2 death cobs (D)
  A Shadow Fiend (D)
  2 tentacled starspawn (D)
  2 Executioners (D)
  A lich (D)
  4 storm dragons (D)
  Frances (D)
  12 sphinxes (D)
  A tengu reaver (D)
  Kirke (D)
  7 shadow dragons (D)
  Ilsuiw (D)
  Donald (D)
  5 fire giants (D)
  5 greater nagas (D)
  8 frost giants (D)
  Wiglaf (D)
  4 draconian knights (D)
  22 azure jellies (D)
  4 vault wardens (D)
  A draconian scorcher (D)
  A balrug (D)
  3 deep elf sorcerers (D)
  3 emperor scorpions (D)
  A draconian zealot (D)
  4 draconian shifters (D)
  5 ghost moths (D)
  2 cacodemons (D)
  2 orc warlords (D)
  An ironheart preserver (D)
  3 very ugly things (D)
  7 stone giants (D)
  8 vampire knights (D)
  A reaper (D)
  A green draconian (D)
  4 deep elf demonologists (D)
  5 purple draconians (D)
  3 deep elf annihilators (D)
  2 red draconians (D)
  6 mottled draconians (D)
  2 yellow draconians (D)
  Snorg (D)
  3 merfolk javelineers (D)
  4 white draconians (D)
  A spark wasp (D)
  2 blizzard demons (D)
  A green death (D)
  2 deep elf death magi (D)
  An ettin (D)
  4 mummy priests (D)
  25 vault guards (D)
  20 death oozes (D)
  8 merfolk impalers (D)
  A minotaur (D)
  7 fire dragons (D)
  A great orb of eyes (D)
  4 yaktaur captains (D)
  7 hydras (D)
  6 ice dragons (D)
  2 rakshasas (D)
  A hell beast (D)
  A death knight (D)
  Erica (D)
  2 anacondas (D)
  2 merfolk aquamancers (D)
  3 ogre magi (D)
  A merfolk avatar (D)
  5 centaur warriors (D)
  2 deep troll shamans (D)
  A naga sharpshooter (D)
  3 orc high priests (D)
  A deep troll earth mage (D)
  A spriggan berserker (D)
  A shock serpent (D)
  2 sun demons (D)
  8 soul eaters (D)
  6 deep elf knights (D)
  Sonja (D)
  A sea snake (D)
  A shadow demon (D)
  A gelid demonspawn (D)
  2 torturous demonspawn (D)
  2 spriggan druids (D)
  2 ironbrand convokers (D)
  A harpy (D)
  7 swamp dragons (D)
  A swamp dragon (shapeshifter) (D)
  A deep elf archer (D)
  A phantasmal warrior (D)
  A lindwurm (shapeshifter) (D)
  2 hill giants (D)
  8 orc knights (D)
  3 ugly things (D)
  6 deep elf magi (D)
  3 orc sorcerers (D)
  9 moths of wrath (D)
  2 griffons (D)
  A salamander (D)
  5 wolf spiders (D)
  2 cyclopes (D)
  Maurice (D)
  6 large abominations (D)
  11 sixfirhies (D)
  Psyche (D)
  A vault sentinel (D)
  3 guardian serpents (D)
  A siren (D)
  2 black mambas (D)
  5 smoke demons (D)
  A rust devil (D)
  3 spiny frogs (D)
  5 naga magi (D)
  6 orange demons (D)
  A demonic crawler (D)
  A yaktaur (D)
  6 ice devils (D)
  16 guardian mummies (D)
  A komodo dragon (D)
  8 hellwings (D)
  15 merfolk (D)
  2 freezing wraiths (D)
  5 red devils (D)
  6 jumping spiders (D)
  A tengu conjurer (D)
  A wandering mushroom (D)
  2 wind drakes (D)
  A blink frog (D)
  A raiju (D)
  A slime creature (D)
  A boulder beetle (shapeshifter) (D)
  A bog body (D)
  A boulder beetle (D)
  A snapping turtle (D)
  11 spriggans (D)
  A shadow (D)
  A water elemental (D)
  3 redbacks (D)
  6 ynoxinuls (D)
  5 hogs (D)
  A tarantella (D)
  A vampire (D)
  2 golden eyes (D)
  A basilisk (D)
  2 vampire mosquitoes (D)
  2 hippogriffs (D)
  2 mottled dragons (D)
  3 wargs (D)
  A hungry ghost (D)
  2 nagas (D)
  3 wolves (D)
  2 neqoxecs (D)
  3 hell hounds (D)
  2 water moccasins (D)
  2 porcupines (D)
  2 swamp drakes (D)
  An eye of draining (D)
  12 orc warriors (D)
  A wasp (D)
  A centaur (D)
  4 crocodiles (D)
  A big kobold (D)
  3 giant frogs (D)
  2 crimson imps (D)
  An iron imp (D)
  A quasit (D)
  3 orc priests (D)
  A hound (D)
  3 jellies (D)
  An iguana (D)
  2 orc wizards (D)
  A river rat (D)
  A shadow imp (D)
  2 giant eyeballs (D)
  3 ufetubi (D)
  4 ball lightnings (D)
  An adder simulacrum (D)
  18 orcs (D)
  A bat (D)
  2 bat zombies (D)
  A giant cockroach (D)
  A goblin (D)
  A hobgoblin (D)
  A jackal (D)
  A kobold (D)
  A ball python skeleton (D)
  A giant cockroach simulacrum (D)
  A giant gecko zombie (D)
  3 fulminant prisms (D)
733 creatures vanquished.

Vanquished Creatures (others)
  5 deep elf master archers (D)
  A merfolk javelineer (D)
  A guardian serpent (D)
  A yaktaur (D)
  A freezing wraith (D)
  An orc warrior (D)
  8 ball lightnings (D)
  A starspawn tentacle (D)
19 creatures vanquished.

Grand Total: 752 creatures vanquished

Notes
Turn   | Place    | Note
--------------------------------------------------------------
     0 | D        | Kidiri the Minotaur Fighter began the quest for the Orb.
     0 | D        | Reached XP level 1. HP: 19/19 MP: 0/0
     5 | D        | Reached skill level 4 in Armour
     9 | D        | Reached skill level 1 in Throwing
    33 | D        | Noticed a jelly
    36 | D        | Reached XP level 2. HP: 27/27 MP: 1/1
    44 | D        | Reached skill level 5 in Armour
    44 | D        | Reached skill level 1 in Dodging
    44 | D        | Reached skill level 5 in Shields
    44 | D        | Reached XP level 3. HP: 22/35 MP: 2/2
    46 | D        | Reached skill level 5 in Fighting
    55 | D        | Found a glowing silver altar of Zin.
    55 | D        | Found a glowing golden altar of the Shining One.
    55 | D        | Found an ancient bone altar of Kikubaaqudgha.
    55 | D        | Found a basalt altar of Yredelemnul.
    55 | D        | Found a shimmering altar of Xom.
    55 | D        | Found a radiant altar of Vehumet.
    56 | D        | Found an iron altar of Okawaru.
    57 | D        | Found a burning altar of Makhleb.
    58 | D        | Found a deep blue altar of Sif Muna.
    59 | D        | Found a bloodstained altar of Trog.
    60 | D        | Found a sparkling altar of Nemelex Xobeh.
    61 | D        | Found a white marble altar of Elyvilon.
    62 | D        | Found a roughly hewn altar of Beogh.
    63 | D        | Found a viscous altar of Jiyva.
    64 | D        | Became a worshipper of Warmaster Okawaru
    65 | D        | Found a corrupted altar of Lugonu.
    66 | D        | Found a blossoming altar of Fedhas.
    67 | D        | Found a snail-covered altar of Cheibriados.
    68 | D        | Found a shadowy altar of Dithmenos.
    69 | D        | Found a stormy altar of Qazlal.
    70 | D        | Found an opulent altar of Gozag.
    71 | D        | Found a sacrificial altar of Ru.
    72 | D        | Found an oddly glowing altar of Pakellas.
   242 | D        | Noticed a giant frog
   242 | D        | Noticed a water moccasin
   242 | D        | Noticed a big kobold
   248 | D        | Killed a giant frog
   248 | D        | Reached skill level 6 in Fighting
   248 | D        | Reached skill level 5 in Maces & Flails
   248 | D        | Reached skill level 1 in Invocations
   248 | D        | Reached XP level 4. HP: 42/44 MP: 2/4
   253 | D        | Reached XP level 5. HP: 44/51 MP: 2/5
   254 | D        | Reached * piety under Okawaru
   259 | D        | Killed a water moccasin
   259 | D        | Reached skill level 7 in Fighting
   259 | D        | Reached XP level 6. HP: 46/60 MP: 3/7
   261 | D        | Reached ** piety under Okawaru
   261 | D        | Reached skill level 8 in Armour
   333 | D        | Noticed a hungry ghost
   333 | D        | Noticed a centaur warrior
   333 | D        | Noticed a shadow
   338 | D        | Killed a hungry ghost
   344 | D        | Killed a centaur warrior
   344 | D        | Reached *** piety under Okawaru
   344 | D        | Reached skill level 9 in Fighting
   344 | D        | Reached skill level 5 in Throwing
   344 | D        | Reached skill level 10 in Armour
   344 | D        | Reached skill level 5 in Dodging
   344 | D        | Reached XP level 7. HP: 63/71 MP: 6/9
   344 | D        | Reached XP level 8. HP: 70/79 MP: 6/10
   354 | D        | Reached **** piety under Okawaru
   354 | D        | Reached skill level 10 in Fighting
   354 | D        | Reached skill level 10 in Shields
   656 | D        | Noticed a blink frog
   656 | D        | Noticed a komodo dragon
   658 | D        | Killed a blink frog
   658 | D        | Reached skill level 5 in Invocations
   662 | D        | Killed a komodo dragon
   662 | D        | Reached skill level 10 in Maces & Flails
   666 | D        | Reached skill level 11 in Armour
   673 | D        | Reached XP level 9. HP: 81/89 MP: 9/12
   833 | D        | Noticed a spiny frog
   833 | D        | Noticed a spiny frog
   833 | D        | Noticed a griffon
   834 | D        | Noticed a black mamba
   839 | D        | Killed a spiny frog
   839 | D        | Reached ***** piety under Okawaru
   839 | D        | Received a gift from Okawaru
   843 | D        | Noticed a griffon
   855 | D        | Killed a spiny frog
   855 | D        | Reached skill level 12 in Armour
   861 | D        | Killed a griffon
   865 | D        | Killed a black mamba
   871 | D        | Reached XP level 10. HP: 82/99 MP: 13/13
   876 | D        | Killed a griffon
   876 | D        | Received a gift from Okawaru
  1085 | D        | Received a gift from Okawaru
  1097 | D        | Reached skill level 1 in Evocations
  1107 | D        | Reached skill level 13 in Armour
  1109 | D        | Received a gift from Okawaru
  1223 | D        | Noticed Sonja
  1229 | D        | Killed Sonja
  1229 | D        | Received a gift from Okawaru
  1243 | D        | Noticed Psyche
  1253 | D        | Killed Psyche
  1412 | D        | Noticed an orc high priest
  1424 | D        | Killed an orc high priest
  1491 | D        | Noticed an orc knight
  1491 | D        | Noticed an orc knight
  1506 | D        | Killed an orc knight
  1506 | D        | Received a gift from Okawaru
  1516 | D        | Killed an orc knight
  1520 | D        | Reached XP level 11. HP: 107/107 MP: 9/15
  1839 | D        | Found Vuovim's Gadget Emporium.
  1839 | D        | Noticed an orc high priest
  1839 | D        | Noticed an orc sorcerer
  1839 | D        | Noticed an orc sorcerer
  1853 | D        | Noticed an orc knight
  1865 | D        | Killed an orc high priest
  1865 | D        | Received a gift from Okawaru
  1865 | D        | Reached skill level 14 in Fighting
  1866 | D        | Found Cudamixza's Weapon Shoppe.
  1866 | D        | Paralysed by an orc sorcerer for 3 turns
  1872 | D        | Killed an orc sorcerer
  1878 | D        | Killed an orc sorcerer
  1879 | D        | Found Fidulu's Distillery.
  1889 | D        | Killed an orc knight
  1893 | D        | Found Hunaoph's Armour Shoppe.
  1899 | D        | Noticed an orc knight
  1904 | D        | Noticed an orc sorcerer
  1911 | D        | Noticed an orc high priest
  1918 | D        | Killed an orc knight
  1922 | D        | Killed an orc sorcerer
  1942 | D        | Killed an orc high priest
  1985 | D        | Bought 12 poisoned needles for 48 gold pieces
  1987 | D        | Bought 2 potions of haste for 200 gold pieces
  1987 | D        | Bought a potion of curing for 30 gold pieces
  1987 | D        | Bought a potion of magic for 80 gold pieces
  1987 | D        | Bought a potion of heal wounds for 50 gold pieces
  1987 | D        | Bought a potion of heal wounds for 50 gold pieces
  1987 | D        | Bought a potion of curing for 30 gold pieces
  1987 | D        | Bought a potion of cancellation for 80 gold pieces
  1987 | D        | Bought a potion of curing for 30 gold pieces
  1989 | D        | Bought the +1 ring mail of Sovereignty {rPois rF+ MR- rCorr} for 371 gold pieces
  2138 | D        | Noticed Maurice
  2149 | D        | Killed Maurice
  2196 | D        | Noticed Erica
  2203 | D        | Killed Erica
  2203 | D        | Received a gift from Okawaru
  2353 | D        | Noticed a hill giant
  2353 | D        | Noticed a purple ugly thing
  2353 | D        | Noticed a deep elf mage
  2361 | D        | Reached skill level 15 in Armour
  2362 | D        | Killed a hill giant
  2365 | D        | Killed a purple ugly thing
  2365 | D        | Reached skill level 10 in Dodging
  2365 | D        | Reached skill level 15 in Shields
  2365 | D        | Reached skill level 5 in Evocations
  2368 | D        | Killed a deep elf mage
  2368 | D        | Reached skill level 15 in Fighting
  2373 | D        | Noticed a tengu reaver
  2377 | D        | Noticed a great orb of eyes
  2384 | D        | Noticed a stone giant
  2394 | D        | Killed a tengu reaver
  2394 | D        | Reached skill level 15 in Maces & Flails
  2394 | D        | Reached XP level 12. HP: 119/121 MP: 12/17
  2395 | D        | Killed a great orb of eyes
  2397 | D        | Noticed a deep troll earth mage
  2400 | D        | Killed a stone giant
  2403 | D        | Killed a deep troll earth mage
  2409 | D        | Gained mutation: You are dopey. (Int -2) [mutagenic meat]
  2417 | D        | Noticed a deep troll shaman
  2418 | D        | Noticed a fire giant
  2421 | D        | Killed a deep troll shaman
  2425 | D        | Killed a fire giant
  2425 | D        | Reached skill level 16 in Fighting
  2425 | D        | Reached skill level 10 in Throwing
  2427 | D        | Noticed an anaconda
  2427 | D        | a water nymph changed into an anaconda
  2428 | D        | an anaconda changed into a shining eye
  2457 | D        | Gained mutation: You can translocate small distances at will. [mutagenic meat]
  2458 | D        | Gained mutation: You expend magic power (3 MP) to strengthen your wands. [mutagenic meat]
  2519 | D        | Noticed Snorg
  2527 | D        | Killed Snorg
  2593 | D        | Noticed a greater naga
  2593 | D        | Noticed an anaconda
  2596 | D        | Noticed an anaconda
  2606 | D        | Killed a greater naga
  2606 | D        | Received a gift from Okawaru
  2606 | D        | Reached skill level 10 in Invocations
  2620 | D        | Killed an anaconda
  2633 | D        | Killed an anaconda
  2633 | D        | Reached skill level 17 in Armour
  2633 | D        | Reached XP level 13. HP: 125/130 MP: 13/19
  2668 | D        | Noticed a spark wasp
  2682 | D        | Killed a spark wasp
  2682 | D        | Received a gift from Okawaru
  2703 | D        | Noticed an emperor scorpion
  2711 | D        | Killed an emperor scorpion
  2840 | D        | Noticed a merfolk impaler
  2874 | D        | Killed a merfolk impaler
  2874 | D        | Reached skill level 18 in Armour
  3001 | D        | Noticed Kirke
  3006 | D        | Noticed Donald
  3021 | D        | Killed Kirke
  3023 | D        | Killed Donald
  3112 | D        | Noticed a fire dragon
  3112 | D        | Noticed an ettin
  3116 | D        | Received a gift from Okawaru
  3133 | D        | Killed an ettin
  3138 | D        | Killed a fire dragon
  3138 | D        | Received a gift from Okawaru
  3155 | D        | Reached XP level 14. HP: 133/144 MP: 16/21
  3177 | D        | Noticed a cyan very ugly thing
  3178 | D        | Noticed a red very ugly thing
  3188 | D        | Killed a red very ugly thing
  3188 | D        | Reached skill level 19 in Shields
  3201 | D        | Killed a red very ugly thing
  3225 | D        | Noticed a vampire knight
  3232 | D        | Received a gift from Okawaru
  3233 | D        | Got a translucent quick blade {god gift}
  3249 | D        | Paralysed by something for 3 turns
  3257 | D        | Killed a vampire knight
  3620 | D        | Noticed a vault warden
  3631 | D        | Killed a vault warden
  3681 | D        | Gained mutation: Your magical capacity is low (-10% MP). [mutagenic meat]
  3695 | D        | Noticed a frost giant
  3702 | D        | Killed a frost giant
  3702 | D        | Reached ****** piety under Okawaru
  3732 | D        | Noticed a purple very ugly thing
  3737 | D        | Noticed a vault warden
  3746 | D        | Killed a purple very ugly thing
  3746 | D        | Received a gift from Okawaru
  3747 | D        | Got a pitted flail {god gift}
  3756 | D        | Killed a vault warden
  3756 | D        | Reached skill level 20 in Armour
  3756 | D        | Reached skill level 10 in Evocations
  3757 | D        | Identified the +6 flail of Dofikeekh {pain, rF+ rN+} (Okawaru gifted it to you in the Dungeon)
  3775 | D        | Gained mutation: Your flesh is cold resistant. [mutagenic meat]
  3777 | D        | Lost mutation: You expend magic power (3 MP) to strengthen your wands. [mutagenic meat]
  3778 | D        | Gained mutation: You evolve. [mutagenic meat]
  3790 | D        | Identified the +9 quick blade of Qaefyg {flame, rN+ MP+9 Dex-4 Stlth+} (Okawaru gifted it to you in the Dungeon)
  3888 | D        | Noticed Frances
  3911 | D        | Killed Frances
  3976 | D        | Noticed Mennas
  4016 | D        | Killed Mennas
  4016 | D        | Received a gift from Okawaru
  4016 | D        | Received a gift from Okawaru
  4048 | D        | Noticed Xtahua
  4061 | D        | Killed Xtahua
  4061 | D        | Received a gift from Okawaru
  4061 | D        | Reached XP level 15. HP: 75/157 MP: 15/21
  4566 | D        | Reached skill level 21 in Armour
  4585 | D        | Received a gift from Okawaru
  4590 | D        | Got a decaying rune of Zot
  4798 | D        | Noticed a greater naga
  4798 | D        | Noticed a greater naga
  4799 | D        | Noticed a greater naga
  4807 | D        | Killed a greater naga
  4815 | D        | Killed a greater naga
  4818 | D        | Killed a greater naga
  4818 | D        | Received a gift from Okawaru
  4820 | D        | Noticed a greater naga
  4833 | D        | Received a gift from Okawaru
  4838 | D        | Killed a greater naga
  4841 | D        | Got a serpentine rune of Zot
  4852 | D        | Gained mutation: You tend to lose your temper in combat. [mutagenic meat]
  4853 | D        | Gained mutation: You are very dopey. (Int -4) [mutagenic meat]
  5170 | D        | Killed a ghost moth
  5170 | D        | Received a gift from Okawaru
  5183 | D        | Lost intelligence.
  5189 | D        | Killed a ghost moth
  5189 | D        | Reached skill level 15 in Dodging
  5192 | D        | Killed a ghost moth
  5202 | D        | Reached skill level 22 in Shields
  5207 | D        | Got a gossamer rune of Zot
  5224 | D        | Gained mutation: Your flesh is very cold resistant. [mutagenic meat]
  5225 | D        | Gained mutation: Your spells are a little harder to cast, but a little more powerful. [mutagenic meat]
  5312 | D        | Noticed Ilsuiw
  5315 | D        | Received a gift from Okawaru
  5333 | D        | Killed Ilsuiw
  5333 | D        | Received a gift from Okawaru
  5371 | D        | Got a barnacled rune of Zot
  5418 | D        | Noticed Frederick
  5423 | D        | Killed Frederick
  5423 | D        | Received a gift from Okawaru
  5423 | D        | Reached XP level 16. HP: 170/170 MP: 15/23
  5428 | D        | Got a faintly humming chain mail {god gift}
  5439 | D        | Identified the +3 chain mail of Ethics {-Cast +Inv rN++} (Okawaru gifted it to you in the Dungeon)
  5546 | D        | Reached skill level 23 in Shields
  5589 | D        | Reached skill level 15 in Throwing
  5590 | D        | Reached skill level 15 in Invocations
  5727 | D        | Received a gift from Okawaru
  5730 | D        | Received a gift from Okawaru
  5756 | D        | Reached skill level 24 in Shields
  5761 | D        | Noticed a shadow dragon
  5763 | D        | Killed a shadow dragon
  5771 | D        | Noticed a shadow dragon
  5784 | D        | Killed a shadow dragon
  5784 | D        | Received a gift from Okawaru
  5939 | D        | Noticed a shadow dragon
  5939 | D        | Noticed a tentacled monstrosity
  5939 | D        | Noticed a shadow dragon
  5940 | D        | Noticed a tentacled monstrosity
  5946 | D        | Noticed a shadow dragon
  5946 | D        | Killed a tentacled monstrosity
  5948 | D        | Killed a tentacled monstrosity
  5948 | D        | Killed a shadow dragon
  5948 | D        | Killed a shadow dragon
  5950 | D        | Killed a shadow dragon
  5951 | D        | Noticed an ancient lich
  5955 | D        | Killed an ancient lich
  5955 | D        | Reached skill level 25 in Armour
  5955 | D        | Reached XP level 17. HP: 125/184 MP: 18/25
  5962 | D        | Got a flickering bone ring
  5971 | D        | Got a silver rune of Zot
  5982 | D        | Identified the ring "Leifiehaff" {Ice Int+7} (You found it in the Dungeon)
  6110 | D        | Noticed Boris
  6112 | D        | Noticed Nikola
  6118 | D        | Killed Boris
  6118 | D        | Received a gift from Okawaru
  6127 | D        | Killed Nikola
  6139 | D        | Noticed Wiglaf
  6143 | D        | Killed Wiglaf
  6374 | D        | Got the ring "Sumoqopta" {MR+ Dex+5}
  6380 | D        | Got the ring "Beastrod" {*Contam rN++ Str+3 SInv Stlth+}
  6382 | D        | Got the ring "Kuoshak" {rCorr rPois MR+ Dex+3}
  6384 | D        | Got the amulet of Greed {Dismiss rPois rN+ Stlth+}
  6560 | D        | Received a gift from Okawaru
  6575 | D        | Lost mutation: Your magical capacity is low (-10% MP). [mutagenic meat]
  6591 | D        | Noticed a bone dragon
  6594 | D        | Killed a bone dragon
  6604 | D        | Received a gift from Okawaru
  6619 | D        | Received a gift from Okawaru
  6907 | D        | Noticed a tentacled monstrosity
  6910 | D        | Reached skill level 26 in Shields
  6916 | D        | Killed a tentacled monstrosity
  6956 | D        | Reached skill level 15 in Evocations
  7220 | D        | Noticed a golden dragon
  7224 | D        | Reached skill level 27 in Shields
  7225 | D        | Killed a golden dragon
  7225 | D        | Reached skill level 27 in Fighting
  7225 | D        | Reached skill level 27 in Maces & Flails
  7225 | D        | Reached skill level 27 in Armour
  7225 | D        | Reached XP level 18. HP: 191/200 MP: 21/29
  7229 | D        | Noticed a tentacled monstrosity
  7231 | D        | Received a gift from Okawaru
  7249 | D        | Killed a tentacled monstrosity
  7381 | D        | Noticed an Orb Guardian
  7381 | D        | Noticed an Orb Guardian
  7381 | D        | Noticed an Orb Guardian
  7381 | D        | Noticed an Orb Guardian
  7381 | D        | Noticed an Orb Guardian
  7381 | D        | Noticed an Orb Guardian
  7385 | D        | Killed an Orb Guardian
  7387 | D        | Noticed an Orb Guardian
  7387 | D        | Killed an Orb Guardian
  7387 | D        | Received a gift from Okawaru
  7387 | D        | Killed an Orb Guardian
  7387 | D        | Received a gift from Okawaru
  7389 | D        | Killed an Orb Guardian
  7389 | D        | Killed an Orb Guardian
  7390 | D        | Noticed an Orb Guardian
  7391 | D        | Noticed an Orb Guardian
  7391 | D        | Killed an Orb Guardian
  7396 | D        | Noticed an Orb Guardian
  7399 | D        | Killed an Orb Guardian
  7401 | D        | Killed an Orb Guardian
  7408 | D        | Killed an Orb Guardian
  7408 | D        | Received a gift from Okawaru
  7412 | D        | Killed an Orb Guardian
  7435 | D        | Noticed an Orb Guardian
  7435 | D        | Noticed an Orb Guardian
  7436 | D        | Noticed an Orb Guardian
  7437 | D        | Noticed an Orb Guardian
  7439 | D        | Killed an Orb Guardian
  7441 | D        | Killed an Orb Guardian
  7441 | D        | Killed an Orb Guardian
  7447 | D        | Killed an Orb Guardian
  7494 | D        | Noticed an ancient lich
  7499 | D        | Killed an ancient lich
  7502 | D        | Noticed an orb of fire
  7530 | D        | Killed an orb of fire
  7692 | D        | Gained mutation: You have sharp toenails. [evolution]
  7728 | D        | Noticed an electric golem
  7748 | D        | Killed an electric golem
  7905 | D        | Noticed an ancient lich
  7905 | D        | Noticed a golden dragon
  7905 | D        | Noticed a Killer Klown
  7905 | D        | Noticed an electric golem
  7908 | D        | Received a gift from Okawaru
  7910 | D        | Noticed an orb of fire
  7919 | D        | Noticed an Orb Guardian
  7926 | D        | Killed an ancient lich
  7926 | D        | Received a gift from Okawaru
  7928 | D        | Noticed an orb of fire
  7940 | D        | Noticed a tentacled monstrosity
  7973 | D        | Killed an orb of fire
  7973 | D        | Reached XP level 19. HP: 95/207 MP: 29/33
  7974 | D        | Killed a golden dragon
  7975 | D        | Killed an electric golem
  7977 | D        | Gained mutation: Scrolls take you a little longer to read. [an orb of fire]
  7979 | D        | Killed a Killer Klown
  8005 | D        | Killed an orb of fire
  8309 | D        | Received a gift from Okawaru
  8319 | D        | Got a scorched double sword {god gift}
  8541 | D        | Identified the +1 double sword of Irritation {flame, +Fly} (Okawaru gifted it to you in the Dungeon)
  8862 | D        | Got the amulet "Daokik" {Gourm Fragile Dex+5}
 10117 | D        | Fell from the grace of Okawaru
 10117 | D        | Became a worshipper of the Shining One
 11718 | D        | Noticed an ancient lich
 11718 | D        | Reached * piety under the Shining One
 11718 | D        | Noticed an ancient lich
 11718 | D        | Reached ** piety under the Shining One
 11721 | D        | Reached *** piety under the Shining One
 11722 | D        | Killed an ancient lich
 11722 | D        | Reached skill level 27 in Dodging
 11725 | D        | Killed an ancient lich
 11725 | D        | Reached **** piety under the Shining One
 11730 | D        | Noticed an ancient lich
 11730 | D        | Reached XP level 20. HP: 216/216 MP: 35/35
 11737 | D        | Noticed an ancient lich
 11737 | D        | Reached ***** piety under the Shining One
 11743 | D        | Killed an ancient lich
 11749 | D        | Killed an ancient lich
 11878 | D        | Reached ****** piety under the Shining One
 11880 | D        | Reached skill level 27 in Throwing
 11880 | D        | Reached skill level 27 in Invocations
 11923 | D        | Got an elven rune of Zot
 11978 | D        | Reached skill level 27 in Evocations
 11978 | D        | Reached skill level 5 in Stealth
 11985 | D        | Reached skill level 10 in Stealth
 11989 | D        | Noticed the Royal Jelly
 12263 | D        | Paralysed by a giant eyeball for 2 turns
 12274 | D        | Got a slimy rune of Zot
 15900 | D        | Killed the Royal Jelly
 16430 | D        | Was forgiven by Okawaru
 16511 | D        | Reached XP level 21. HP: 155/224 MP: 37/37
 16748 | D        | Noticed a greater mummy
 16754 | D        | Noticed a greater mummy
 16760 | D        | Killed a greater mummy
 16782 | D        | Killed a greater mummy
 17012 | D        | Noticed a greater mummy
 17012 | D        | Noticed a greater mummy
 17012 | D        | Noticed a greater mummy
 17012 | D        | Noticed a greater mummy
 17012 | D        | Noticed a greater mummy
 17278 | D        | Killed a greater mummy
 17286 | D        | Killed a greater mummy
 17299 | D        | Killed a greater mummy
 17338 | D        | Killed a greater mummy
 17338 | D        | Reached skill level 27 in Stealth
 17338 | D        | Reached skill level 5 in Spellcasting
 17342 | D        | Killed a greater mummy
 17349 | D        | Noticed a greater mummy
 17479 | D        | Gained mutation: You have very sharp teeth. [evolution]
 17585 | D        | Killed a greater mummy
 17585 | D        | Reached skill level 10 in Spellcasting
 17729 | D        | Got a golden rune of Zot
 17764 | D        | Got an abyssal rune of Zot
 17909 | D        | Noticed Geryon
 17925 | D        | Killed Geryon
 17986 | D        | Noticed Mnoleg
 17986 | D        | Noticed Cerebov
 18096 | D        | Paralysed by a giant eyeball for 2 turns
 18117 | D        | Killed Mnoleg
 18117 | D        | Reached skill level 15 in Spellcasting
 18354 | D        | Killed Cerebov
 18514 | D        | Noticed Ereshkigal
 18528 | D        | Killed Ereshkigal
 18528 | D        | Reached XP level 22. HP: 233/233 MP: 43/45
 18566 | D        | Got a glowing rune of Zot
 18568 | D        | Noticed Antaeus
 18574 | D        | Noticed Asmodeus
 18588 | D        | Killed Antaeus
 18772 | D        | Got a fiery rune of Zot
 18777 | D        | Got a bone rune of Zot
 18780 | D        | Noticed Lom Lobon
 18782 | D        | Noticed Dispater
 18795 | D        | Noticed Gloorx Vloq
 18811 | D        | HP: 11/233 [balrug/fireball[Dispater] (16)]
 18845 | D        | HP: 7/233 [Hell Sentinel/blast of hellfire[Dispater] (18)]
 19391 | D        | Killed Dispater
 20303 | D        | Killed Gloorx Vloq
 21371 | D        | Killed Asmodeus
 23828 | D        | Killed Lom Lobon
 24131 | D        | Got an icy rune of Zot
 24138 | D        | Got an obsidian rune of Zot
 24142 | D        | Got a magical rune of Zot
 24146 | D        | Got an iron rune of Zot
 24150 | D        | Got a dark rune of Zot
 24564 | D        | Got the Orb of Zot
 25251 | D        | Noticed Mehur the pandemonium lord
 25267 | D        | Killed Mehur the pandemonium lord
 25267 | D        | Reached skill level 27 in Spellcasting
 25273 | D        | Reached skill level 10 in Unarmed Combat
 25329 | D        | Noticed Lail Jeqico the pandemonium lord
 25329 | D        | Noticed an ancient lich
 25339 | D        | Killed Lail Jeqico the pandemonium lord
 25341 | D        | Killed an ancient lich
 25578 | D        | Noticed Wiovvit the pandemonium lord
 25592 | D        | Killed Wiovvit the pandemonium lord
 25722 | D        | Reached XP level 23. HP: 240/240 MP: 53/53
 25759 | D        | Noticed Cumn the pandemonium lord
 25776 | D        | Killed Cumn the pandemonium lord
 25797 | D        | Noticed Oghu the pandemonium lord
 25807 | D        | Killed Oghu the pandemonium lord
 25994 | D        | Noticed Eklurr the pandemonium lord
 26005 | D        | Killed Eklurr the pandemonium lord
 26033 | D        | Reached skill level 27 in Unarmed Combat
 26195 | D        | Noticed Ecyrchoikh the pandemonium lord
 26203 | D        | Noticed an ancient lich
 26210 | D        | Killed an ancient lich
 26222 | D        | Killed Ecyrchoikh the pandemonium lord
 26309 | D        | Gained mutation: You occasionally shout uncontrollably at your foes. [evolution]
 26309 | D        | Lost mutation: You evolve. [end of evolution]
 26317 | D        | Noticed Zuntaut the pandemonium lord
 26328 | D        | Killed Zuntaut the pandemonium lord
 26349 | D        | Noticed Qooth the pandemonium lord
 26356 | D        | Killed Qooth the pandemonium lord
 26524 | D        | Escaped with the Orb!

Vault maps used:
D:        linesprint

Action                   |  1- 3 |  4- 6 |  7- 9 | 10-12 | 13-15 | 16-18 | 19-21 | 22-24 || total
-------------------------+-------+-------+-------+-------+-------+-------+-------+-------++-------
Melee: Flail             |    26 |       |       |       |     8 |       |       |       ||    34
       Morningstar       |     6 |    22 |    75 |   208 |   202 |       |       |       ||   513
       Shillelagh        |       |       |       |       |    87 |   310 |   662 |   322 ||  1381
 Fire: Blowgun           |       |       |       |       |    12 |       |       |       ||    12
Throw: Javelin           |       |       |       |   105 |   189 |    87 |    90 |   102 ||   573
       Tomahawk          |       |       |       |       |    36 |    56 |    35 |    21 ||   148
Invok: Heroism           |       |     1 |     2 |    12 |    16 |    13 |     1 |       ||    45
       Finesse           |       |       |       |    12 |    16 |    13 |     1 |       ||    42
       Divine Shield     |       |       |       |       |       |       |    20 |     9 ||    29
       Cleansing Flame   |       |       |       |       |       |       |    19 |    30 ||    49
       Summon Divine War |       |       |       |       |       |       |     1 |     1 ||     2
 Abil: Blink             |       |       |       |       |       |       |     7 |     2 ||     9
Evoke: Wand              |       |       |       |       |       |       |       |     1 ||     1
  Use: Scroll            |       |       |       |     3 |       |     5 |       |     1 ||     9
       Potion            |       |       |       |       |     6 |       |     2 |    14 ||    22
 Stab: Sleeping          |       |       |     1 |       |       |       |     1 |       ||     2
       Distracted        |       |       |       |       |       |       |       |     2 ||     2
  Eat: Pizza             |       |       |     1 |       |       |       |       |       ||     1
       Chunk             |       |       |       |    13 |    17 |    10 |     3 |       ||    43
       Meat ration       |       |       |       |       |     1 |     2 |     4 |     1 ||     8
       Fruit             |       |       |       |       |       |       |    21 |    19 ||    40
       Bread ration      |       |       |       |       |       |       |       |     2 ||     2
